[Event "CRO-ch 2019"]
[Site "Bjelovar"]
[Date "2019.04.06"]
[Round "6.2"]
[White "Zelcic, Robert"]
[Black "Stevic, Hrvoje"]
[Result "1/2-1/2"]
[ECO "E66"]
[WhiteElo "2520"]
[BlackElo "2586"]
[Annotator "ChessBase"]
[PlyCount "24"]
[EventDate "2019.04.01"]
[EventType "tourn"]
[EventCountry "CRO"]
[SourceTitle "playchess.com"]
[Source "ChessBase"]
[SourceQuality "1"]
[TimeControl "40/5400+30:1800+30"]

1. d4 Nf6 2. Nf3 g6 3. g3 Bg7 4. Bg2 O-O 5. O-O d6 6. c4 c5 7. Nc3 Nc6 8. d5 Na5 9. Qd3 e5 10. e4 Ne8 11. Bg5 f6 12. Bd2 a6 1/2-1/2

[Event "CRO-ch 2019"]
[Site "Bjelovar"]
[Date "2019.04.06"]
[Round "6.4"]
[White "Brkic, Ante"]
[Black "Kozul, Zdenko"]
[Result "1/2-1/2"]
[ECO "B56"]
[WhiteElo "2560"]
[BlackElo "2589"]
[Annotator "ChessBase"]
[PlyCount "70"]
[EventDate "2019.04.01"]
[EventType "tourn"]
[EventCountry "CRO"]
[SourceTitle "playchess.com"]
[Source "ChessBase"]
[SourceQuality "1"]
[TimeControl "40/5400+30:1800+30"]

1. e4 c5 2. Nf3 Nc6 3. d4 cxd4 4. Nxd4 Nf6 5. Nc3 d6 6. f3 Nxd4 7. Qxd4 g6 8. Bg5 Bg7 9. Bb5+ Bd7 10. Bxd7+ Qxd7 11. O-O-O h6 12. Bh4 Nh5 13. Qe3 g5 14. Bf2 Nf4 15. g3 Bxc3 16. gxf4 Bf6 17. f5 Qb5 18. c3 Rc8 19. Rd5 Qc4 20. Kb1 b6 21. Rhd1 Rc5 22. Rxc5 bxc5 23. Bg3 Qa4 24. Re1 O-O 25. f4 Rb8 26. e5 gxf4 27. Bxf4 dxe5 28. Bxe5 Rd8 29. Qg1+ Bg5 30. b3 Qh4 31. Qg3 Qh5 32. Bf4 Rd1+ 33. Rxd1 Qxd1+ 34. Kb2 Qe2+ 35. Ka3 Qa6+ 1/2-1/2

[Event "CRO-ch 2019"]
[Site "Bjelovar"]
[Date "2019.04.07"]
[Round "7.2"]
[White "Jovanovic, Zoran"]
[Black "Kovacevic, Blazimir"]
[Result "1/2-1/2"]
[ECO "B15"]
[WhiteElo "2511"]
[BlackElo "2475"]
[Annotator "ChessBase"]
[PlyCount "31"]
[EventDate "2019.04.01"]
[EventType "tourn"]
[EventCountry "CRO"]
[SourceTitle "playchess.com"]
[Source "ChessBase"]
[SourceQuality "1"]
[TimeControl "40/5400+30:1800+30"]

1. e4 c6 2. Nc3 d5 3. Nf3 g6 4. d4 Bg7 5. Bf4 dxe4 6. Nxe4 Nf6 7. Bd3 O-O 8. c3 Nxe4 9. Bxe4 Nd7 10. O-O c5 11. d5 Nf6 12. Re1 b6 13. Ne5 Nxe4 14. Rxe4 e6 15. dxe6 Qxd1+ 16. Rxd1 1/2-1/2

[Event "CRO-ch 2019"]
[Site "Bjelovar"]
[Date "2019.04.07"]
[Round "7.5"]
[White "Stevic, Hrvoje"]
[Black "Kurajica, Bojan"]
[Result "1-0"]
[ECO "B22"]
[WhiteElo "2586"]
[BlackElo "2522"]
[Annotator "ChessBase"]
[PlyCount "83"]
[EventDate "2019.04.01"]
[EventType "tourn"]
[EventCountry "CRO"]
[SourceTitle "playchess.com"]
[Source "ChessBase"]
[SourceQuality "1"]
[TimeControl "40/5400+30:1800+30"]

1. e4 c5 2. Nf3 e6 3. c3 Nf6 4. e5 Nd5 5. Bc4 Nb6 6. Bb3 c4 7. Bc2 d6 8. exd6 Bxd6 9. O-O Nc6 10. d3 cxd3 11. Qxd3 Ne5 12. Nxe5 Bxe5 13. Qh3 Qc7 14. Nd2 Bd7 15. Nf3 Bf6 16. Ng5 h6 17. Ne4 Be7 18. Qg4 g6 19. Qf4 e5 20. Nf6+ Kd8 21. Qf3 Bc6 22. Be4 Bxe4 23. Rd1+ Kc8 24. Nxe4 f5 25. Nd2 Rd8 26. Re1 Nd7 27. Qg3 Rg8 28. Nf3 g5 29. Nxe5 Bd6 30. f4 Bxe5 31. fxe5 Re8 32. Qh3 Rxe5 33. Be3 Qc6 34. Bd4 Rxe1+ 35. Rxe1 Qg6 36. Qd3 Kc7 37. Re7 Rd8 38. g4 Qa6 39. Qxa6 bxa6 40. gxf5 Rf8 41. f6 Kd6 42. Rh7 1-0

[Event "CRO-ch 2019"]
[Site "Bjelovar"]
[Date "2019.04.09"]
[Round "9.1"]
[White "Jovanovic, Zoran"]
[Black "Bosiocic, Marin"]
[Result "1/2-1/2"]
[ECO "C48"]
[WhiteElo "2511"]
[BlackElo "2613"]
[Annotator "ChessBase"]
[PlyCount "119"]
[EventDate "2019.04.01"]
[EventType "tourn"]
[EventCountry "CRO"]
[SourceTitle "playchess.com"]
[Source "ChessBase"]
[SourceQuality "1"]
[TimeControl "40/5400+30:1800+30"]

1. e4 e5 2. Nf3 Nc6 3. Nc3 Nf6 4. Bb5 Bd6 5. d3 O-O 6. Bg5 Be7 7. O-O d6 8. Bxc6 bxc6 9. d4 Nd7 10. Bxe7 Qxe7 11. Re1 f6 12. Ne2 Re8 13. Ng3 Nf8 14. Qd3 Be6 15. Qc3 Qd7 16. Rad1 Ng6 17. Nd2 a5 18. Nc4 a4 19. b3 Ra6 20. Ne3 Rea8 21. Ne2 Qc8 22. Rf1 Nf4 23. Qd2 axb3 24. axb3 Ra2 25. Nc3 R2a5 26. Ne2 Qe8 27. d5 Nxe2+ 28. Qxe2 cxd5 29. exd5 Bd7 30. Qd2 Ra2 31. Qc3 Bb5 32. Rfe1 Qf7 33. Ra1 f5 34. Rxa2 Rxa2 35. Qb4 Be8 36. f4 exf4 37. Qxf4 Bd7 38. Rf1 h6 39. h4 Kh7 40. g4 Qg6 41. h5 Qe8 42. gxf5 Qxh5 43. Qe4 Ra8 44. f6+ Qg6+ 45. Qxg6+ Kxg6 46. fxg7 Kxg7 47. Rf4 Re8 48. Kf2 Rf8 49. Kg3 Rxf4 50. Kxf4 Kf6 51. c4 h5 52. Ng2 Bh3 53. Nh4 Bf1 54. Nf5 Bh3 55. Nh4 Bg4 56. b4 Be2 57. c5 Bd3 58. cxd6 cxd6 59. b5 Bxb5 60. Ke4 1/2-1/2

[Event "CRO-ch 2019"]
[Site "Bjelovar"]
[Date "2019.04.09"]
[Round "9.4"]
[White "Stevic, Hrvoje"]
[Black "Saric, Ante"]
[Result "1/2-1/2"]
[ECO "C42"]
[WhiteElo "2586"]
[BlackElo "2530"]
[Annotator "RC"]
[PlyCount "48"]
[EventDate "2019.04.01"]
[EventType "tourn"]
[EventCountry "CRO"]
[SourceTitle "playchess.com"]
[Source "ChessBase"]
[SourceQuality "1"]
[TimeControl "40/5400+30:1800+30"]

1. e4 e5 2. Nf3 Nf6 3. Nxe5 d6 4. Nf3 Nxe4 5. d4 d5 6. Bd3 Nc6 7. O-O Be7 8. Re1 Bg4 9. c4 Nf6 10. Nc3 Nxd4 11. cxd5 Bxf3 12. gxf3 c5 13. d6 Qxd6 14. Nb5 Nxb5 15. Bxb5+ Kf8 16. Qe2 h6 17. Bf4 Qxf4 18. Qxe7+ Kg8 19. Rad1 h5 20. Rd6 c4 21. Ba4 Qxf3 22. Bc2 Qg4+ 23. Kf1 Qh3+ 24. Kg1 Qg4+ 1/2-1/2

[Event "CRO-ch 2019"]
[Site "Bjelovar"]
[Date "2019.04.09"]
[Round "9.6"]
[White "Zelcic, Robert"]
[Black "Kurajica, Bojan"]
[Result "1/2-1/2"]
[ECO "B45"]
[WhiteElo "2520"]
[BlackElo "2522"]
[Annotator "ChessBase"]
[PlyCount "82"]
[EventDate "2019.04.01"]
[EventType "tourn"]
[EventCountry "CRO"]
[SourceTitle "playchess.com"]
[Source "ChessBase"]
[SourceQuality "1"]
[TimeControl "40/5400+30:1800+30"]

1. e4 c5 2. Nf3 e6 3. Nc3 Nc6 4. d4 cxd4 5. Nxd4 Nf6 6. Ndb5 Bb4 7. a3 Bxc3+ 8. Nxc3 d5 9. exd5 Nxd5 10. Nxd5 exd5 11. Be2 O-O 12. O-O Bf5 13. Bd3 Qf6 14. c3 Bxd3 15. Qxd3 d4 16. Bd2 Rfd8 17. Qb5 h6 18. Rae1 Rd7 19. Re4 Rad8 20. Rfe1 Kh7 21. h4 Rd5 22. Qe2 b5 23. Qg4 Qg6 24. Qh3 h5 25. Bg5 f6 26. Re6 dxc3 27. Qxc3 Nd4 28. Ra6 Re8 29. Kh2 Rxe1 30. Qxe1 Qf5 31. Bxf6 Qf4+ 32. Kg1 gxf6 33. Qe7+ Kg6 34. Qe8+ Kh6 35. Qh8+ Kg6 36. Qg8+ Kh6 37. Qf8+ Kg6 38. Qg8+ Kh6 39. Qxd5 Qc1+ 40. Kh2 Qf4+ 41. Kg1 Qc1+ 1/2-1/2

[Event "CRO-ch 2019"]
[Site "Bjelovar"]
[Date "2019.04.10"]
[Round "10.1"]
[White "Bosiocic, Marin"]
[Black "Kurajica, Bojan"]
[Result "1-0"]
[ECO "B45"]
[WhiteElo "2613"]
[BlackElo "2522"]
[Annotator "RC"]
[PlyCount "125"]
[EventDate "2019.04.01"]
[EventType "tourn"]
[EventCountry "CRO"]
[SourceTitle "playchess.com"]
[Source "ChessBase"]
[SourceQuality "1"]
[TimeControl "40/5400+30:1800+30"]

1. e4 c5 2. Nf3 e6 3. d4 cxd4 4. Nxd4 Nf6 5. Nc3 Nc6 6. Nxc6 bxc6 7. e5 Nd5 8. Ne4 Qc7 9. f4 Qa5+ 10. Qd2 Qb6 11. a3 f5 12. exf6 Nxf6 13. Nxf6+ gxf6 14. Qc3 Bc5 15. Qxf6 Bd4 16. Qg5 Bxb2 17. Bxb2 Qxb2 18. Qe5 Qxe5+ 19. fxe5 Rg8 20. O-O-O c5 21. Bd3 Bb7 22. Bxh7 Rxg2 23. Rhg1 Ke7 24. Rxg2 Bxg2 25. Bd3 Bd5 26. Rg1 Rh8 27. Rg7+ Kd8 28. Bh7 Rf8 29. Rg8 Rxg8 30. Bxg8 Be4 31. Bf7 Ke7 32. Bh5 d6 33. exd6+ Kxd6 34. Kd2 Ke5 35. Bg4 Kf6 36. Be2 e5 37. Bd3 Bd5 38. h4 e4 39. Be2 Bf7 40. Ke3 Ke5 41. Bg4 Be8 42. h5 Bf7 43. h6 Bg6 44. Bc8 Bh7 45. Ba6 Kf5 46. Bb7 Ke5 47. c3 Bg6 48. Ba8 Bh7 49. Bc6 Bg6 50. Bb7 Bh7 51. Bc8 Bg6 52. Bb7 Bh7 53. Ba6 Bg6 54. a4 Bh7 55. a5 Bg6 56. Bc4 Bh7 57. Bb3 Kf5 58. Bd5 Ke5 59. c4 Bf5 60. Bg8 Kf6 61. Kf4 Kg6 62. Bd5 e3 63. Kxe3 1-0

[Event "CRO-ch 2019"]
[Site "Bjelovar"]
[Date "2019.04.11"]
[Round "11.5"]
[White "Zelcic, Robert"]
[Black "Saric, Ante"]
[Result "0-1"]
[ECO "B43"]
[WhiteElo "2520"]
[BlackElo "2530"]
[Annotator "ChessBase"]
[PlyCount "146"]
[EventDate "2019.04.01"]
[EventType "tourn"]
[EventCountry "CRO"]
[SourceTitle "playchess.com"]
[Source "ChessBase"]
[SourceQuality "1"]
[TimeControl "40/5400+30:1800+30"]

1. e4 c5 2. Nf3 e6 3. Nc3 a6 4. d4 cxd4 5. Nxd4 Qc7 6. Bd3 Nf6 7. O-O d6 8. Qf3 Nbd7 9. Qg3 b5 10. a3 g6 11. Kh1 Nh5 12. Qh4 Bg7 13. Be3 O-O 14. f4 Bb7 15. f5 Rae8 16. fxe6 fxe6 17. Rxf8+ Nxf8 18. Rf1 Qe7 19. Bg5 Qd7 20. Nb3 h6 21. Be3 Qe7 22. Qh3 e5 23. a4 Ne6 24. axb5 Nef4 25. Bxf4 Nxf4 26. Bc4+ Kh7 27. Qe3 axb5 28. Bxb5 Rc8 29. Rd1 Qg5 30. Qg3 Qxg3 31. hxg3 Nh5 32. Na5 Ba8 33. Kh2 Nf6 34. Rxd6 Nxe4 35. Nxe4 Bxe4 36. Bd3 Bxd3 37. cxd3 Rc2 38. b4 Rb2 39. Nc6 h5 40. Rd7 Kh6 41. Rd5 Bf6 42. b5 Rb3 43. Kg1 Kg7 44. Kf2 Kf7 45. Na5 Rb2+ 46. Kf3 Ke6 47. Nc4 Rb1 48. Rd6+ Kf5 49. b6 Bg5 50. Rc6 Rb3 51. Nd6+ Ke6 52. Ne4+ Kf5 53. Nd6+ Ke6 54. Nc4+ Kf5 55. Ke2 Be7 56. Ne3+ Kg5 57. Nd5 Bf8 58. Rc8 Bd6 59. Rc6 Bf8 60. Nc3 Rb2+ 61. Kf3 Be7 62. Re6 Bd8 63. Nd5 Kf5 64. Rd6 Bg5 65. Nc3 Be7 66. Rc6 g5 67. g4+ hxg4+ 68. Kg3 Rb3 69. Kh2 Bd8 70. Ne4 Rxb6 71. Ng3+ Kf4 72. Rc8 Rh6+ 73. Kg1 Bb6+ 0-1

[Event "CRO-ch 2019"]
[Site "Bjelovar"]
[Date "2019.04.11"]
[Round "11.6"]
[White "Kurajica, Bojan"]
[Black "Brkic, Ante"]
[Result "1/2-1/2"]
[ECO "A06"]
[WhiteElo "2522"]
[BlackElo "2560"]
[Annotator "RC"]
[PlyCount "123"]
[EventDate "2019.04.01"]
[EventType "tourn"]
[EventCountry "CRO"]
[SourceTitle "playchess.com"]
[Source "ChessBase"]
[SourceQuality "1"]
[TimeControl "40/5400+30:1800+30"]

1. Nf3 d5 2. b3 c5 3. e3 Nf6 4. Bb2 e6 5. Bb5+ Bd7 6. Bxd7+ Nbxd7 7. c4 Be7 8. O-O O-O 9. Nc3 Rc8 10. Qe2 dxc4 11. bxc4 a6 12. Rab1 Qc7 13. Ba1 Bd6 14. d3 Qc6 15. Rb3 b6 16. Rfb1 Bc7 17. h3 Rfd8 18. Ne1 Qd6 19. g3 Qc6 20. f4 e5 21. Qf3 Qd6 22. Kg2 Re8 23. R3b2 Nf8 24. f5 e4 25. dxe4 N8d7 26. Rd1 Qe7 27. Rbd2 Ne5 28. Qe2 Nc6 29. Nd5 Qxe4+ 30. Qf3 Bd8 31. Bxf6 gxf6 32. Rc1 Qxf3+ 33. Nxf3 Nb4 34. Kf2 Re4 35. Nf4 Nc6 36. Rd7 Kf8 37. Nd5 Nb4 38. Rd1 Nxd5 39. R1xd5 Bc7 40. Nd2 Re7 41. a4 Ke8 42. Rxe7+ Kxe7 43. Ne4 Be5 44. g4 h6 45. Rd1 Rb8 46. Kf3 Rh8 47. h4 Rb8 48. Rd3 b5 49. axb5 axb5 50. cxb5 Rxb5 51. Rd5 Rb3 52. Nxc5 Rb5 53. e4 Bd6 54. Nd3 Rb1 55. Ra5 Rh1 56. g5 Rh3+ 57. Ke2 Rxh4 58. gxf6+ Kxf6 59. e5+ Bxe5 60. Rxe5 Rh2+ 61. Kd1 Rh5 62. Ke2 1/2-1/2